 Dungeon Crawl Stone Soup version 0.22-a0-240-g539252a (webtiles) character file.

3 Amnesiac the Charlatan (level 1, -1/9 HPs)
             Began as a Spriggan Artificer on Feb 21, 2018.
             Slain by an orc
             ... wielding a +0 flail
              (10 damage)
             ... on level 4 of the Dungeon.
             The game lasted 00:01:39 (391 turns).

Amnesiac the Charlatan (Spriggan Artificer)          Turns: 391, Time: 00:01:40

Health: -1/9       AC:  2    Str:  8    XL:     1   Next: 41%
Magic:  4/4        EV: 18    Int: 12    God:
Gold:   48         SH:  0    Dex: 16    Spells: 0/0 levels left

rFire    . . .     SeeInvis +   a - +0 short sword
rCold    . . .     Gourm    .   (shield restricted)
rNeg     . . .     Faith    .   b - +0 robe
rPois    .         Spirit   .   (helmet restricted)
rElec    .         Reflect  .   (no cloak)
rCorr    .         Harm     .   (gloves unavailable)
MR       .....                  (boots unavailable)
Stlth    ++........             (no amulet)
HPRegen  0.03/turn              (no ring)
MPRegen  0.09/turn              (no ring)

@: very quick
A: very small, unfitting armour, see invisible, herbivore, speed 3, slow
metabolism 2
a: no special abilities


You were on level 4 of the Dungeon.
You were not hungry.

You visited 1 branch of the dungeon, and saw 4 of its levels.

You collected 48 gold pieces.

Inventory:

Hand Weapons
 a - a +0 short sword (weapon)
Missiles
 g - 21 stones (quivered)
 h - 2 needles of confusion
Armour
 b - a +0 robe (worn)
Jewellery
 m - a cursed ring of teleportation {unknown}
Wands
 c - a wand of flame (15)
 d - a wand of enslavement (15)
 e - a wand of random effects (15)
Scrolls
 j - a scroll of identify {!r, unknown}
 k - a scroll of enchant armour {!r, unknown}
 l - a scroll of teleportation {!r, unknown}
 n - a scroll of random uselessness {!r, unknown}
Potions
 i - a potion of curing {!q, unknown}
Comestibles
 f - 6 rations


   Skills:
 + Level 0.8 Fighting
 + Level 1.1 Short Blades
 + Level 3.1 Dodging
 + Level 1.6 Stealth
 * Level 4.1 Evocations


You couldn't memorise any spells.
You didn't know any spells.

Dungeon Overview and Level Annotations

Branches:
Dungeon (4/15)
 Temple: D:4-7

Altars:
Trog

Annotations:
D:3 Ijyb, Natasha, Terence
D:4 2 transporters


Innate Abilities, Weirdness & Mutations

You are very small and have problems with some larger weapons.
You are too small for most types of armour.
You have supernaturally acute eyesight. (SInv)
You are a herbivore.
You cover ground extremely quickly.
You need consume almost no food.


Message History

You see here a pair of gloves.
f - 3 rations (gained 1)
Found 5 tomahawks.
A howler monkey skeleton comes into view.
You see here a scratched opal ring.
m - a scratched opal ring
Found a leatherbound book.
The howler monkey skeleton hits you.
You see here a scroll labeled SAYSUN FAMIH {!r}.
n - a scroll labeled SAYSUN FAMIH {!r} The howler monkey skeleton completely misses you.
Okay, then.
Found a wand of flame (24).
Found a transporter.
Found 20 gold pieces.
You see here a book of Flames.
You pick up a book of Flames and begin reading...
You add the spells Flame Tongue, Throw Flame, Conjure Flame, Inner Flame, Sticky Flame and Fireball to your library.
An orc comes into view. It is wielding a flail.
Found a ration.
You see here 7 gold pieces.
You now have 35 gold pieces (gained 7).
The orc closely misses you.
Found a ration and 21 sling bullets.
f - 4 rations (gained 1)
There are no items here.
A phantom comes into view.
The phantom blinks!
Found a hand axe.
The phantom blinks!
You see here a ration.
f - 5 rations (gained 1)
The howler monkey skeleton barely misses you.
A gnoll comes into view. It is wielding a club.
The gnoll shouts!
A gnoll comes into view. It is wielding a spear.
A gnoll comes into view. It is wielding a whip.
The gnoll shouts!
You hear a shout!
The gnoll shouts!
Found a stone staircase leading up.
You see here 13 gold pieces.
You now have 48 gold pieces (gained 13).
The gnoll misses you. The gnoll misses you.
An orc priest comes into view. 2 orcs come into view.
The orc shouts! x2
An orc comes into view. It is wielding a hand axe.
Found a ration.
There is a stone staircase leading up here.
An orc comes into view. It is wielding a mace.
The orc shouts!
An orc comes into view. It is wielding a mace.
Found a stone staircase leading down.
You see here a ration.
f - 6 rations (gained 1)
An orc comes into view. It is wielding a flail.
The orc shouts! x2
Found a ration.
The orc misses you.
An orc comes into view.
The orc shouts!
The orc shouts!
The orc hits you with a flail!
Ouch! That really hurt!
You die...

######## #.......
###########.......
#.................
#..###........##.......
#.....@...>...##.......
........oo............>#
#.#####.o........#.###..
#.....................
#.........#####....###
#...%.....# #....#
#.o.o.#g### #....#
#....##.# #....###
.##.... #g# #.......


You could see a gnoll and 4 orcs.

Vanquished Creatures
  A goblin (D:2)
  A bat (D:2)
  2 frilled lizards
4 creatures vanquished.

Notes
Turn   | Place    | Note
-------+----------+-------------------------------------------
     0 | D:1      | Amnesiac the Spriggan Artificer began the quest for the Orb.
     0 | D:1      | Reached XP level 1. HP: 9/9 MP: 4/4
    87 | D:2      | You fall through a shaft!
    87 | D:3      | Noticed Terence
    92 | D:3      | Noticed Natasha
    98 | D:3      | Noticed Ijyb
   235 | D:3      | Found a bloodstained altar of Trog.
   284 | D:4      | Found a transporter.
   285 | D:4      | Noticed an electric eel
   286 | D:4      | Noticed an electric eel
   287 | D:4      | Noticed an electric eel
   335 | D:4      | Found a transporter.
   351 | D:4      | Noticed a phantom
   374 | D:4      | Noticed an orc priest
   391 | D:4      | Slain by an orc

Vault maps used:
D:1:      minmay_arrival_cross, minmay_tetromino_l4
D:3:      lemuel_coloured_pillars_altar, uniq_terence, uniq_natasha, uniq_ijyb
D:4:      gammafunk_steamed_eel, first_ration

Action                   || total
-------------------------++-------
Melee: Short sword       ||    17
Armor: Robe              ||     5
Dodge: Dodged            ||    30

Table legend:
 A = Spawn XP
 B = Non-spawn XP
 C = Spawn XP percentage of total XP
 D = Spawn monster count
 E = Non-spawn monster count
 F = Spawn count percentage of total count
 G = Total turns spent on level
                    A         B        C        D         E        F      G
               +---------+---------+-------+---------+---------+-------+---------
         Total |       0 |       5 |   0.0 |       0 |       4 |   0.0 |   391
               +---------+---------+-------+---------+---------+-------+---------
           D:2 |       0 |       3 |   0.0 |       0 |       2 |   0.0 |    57
           D:3 |       0 |       1 |   0.0 |       0 |       1 |   0.0 |    94
           D:4 |       0 |       1 |   0.0 |       0 |       1 |   0.0 |   210
               +---------+---------+-------+---------+---------+-------+---------
